 Dungeon Crawl Stone Soup version 0.27.1 (webtiles) character file.

Game seed: 103907634311736281

61 Malachi the Vexing (level 3, 0/14 HPs)
             Began as a Felid Enchanter on Aug 25, 2021.
             Succumbed to an adder's poison
             ... on level 2 of the Dungeon.
             The game lasted 00:02:59 (3267 turns).

Malachi the Vexing (Felid Enchanter)                Turns: 3267, Time: 00:03:00

Health: 0/14       AC:  1    Str:  4    XL:     3   Next: 83%
Magic:  4/7        EV: 18    Int: 17    God:
Gold:   57         SH:  0    Dex: 16    Spells: 2/6 levels left
                                        Lives:  0   Deaths: 0

rFire    . . .     SeeInvis +     - Unarmed
rCold    . . .     Faith    .   (shield unavailable)
rNeg     . . .     Spirit   .   (armour unavailable)
rPois    .         Reflect  .   (helmet unavailable)
rElec    .         Harm     .   (cloak unavailable)
rCorr    .         Rampage  .   (gloves unavailable)
Will     +....                  (boots unavailable)
Stlth    +++.......             (no amulet)
HPRegen  0.04/turn              d - ring of willpower
MPRegen  0.10/turn              (no ring)

@: lethally poisoned (0 -> -3), quick
A: very small, claws 1, fangs 3, see invisible, speed 1, shaggy fur 1, stealthy
paws, no weapons or thrown items, no armour, multi-lived
a: no special abilities


You were on level 2 of the Dungeon.
You visited 1 branch of the dungeon, and saw 2 of its levels.

You collected 57 gold pieces.

Inventory:

Jewellery
 d - a ring of willpower (left paw)
Scrolls
 a - a scroll of immolation {unknown}
 c - 2 scrolls of teleportation {unknown}
Potions
 b - a potion of invisibility {unknown}


   Skills:
 + Level 0.3 Fighting
 + Level 3.4 Dodging
 + Level 4.5 Stealth
 + Level 1.6 Unarmed Combat
 + Level 2.3 Spellcasting
 * Level 5.3 Hexes


You had 2 spell levels left.
You knew the following spells:

 Your Spells              Type           Power      Damage    Failure   Level
a - Corona                Hex            22%        N/A       1%          1
b - Confusing Touch       Hex            20%        N/A       6%          3

Your spell library contained the following spells:

 Spells                   Type           Power      Damage    Failure   Level
 Ensorcelled Hibernation  Hex/Ice        22%        N/A       10%         2
 Tukima's Dance           Hex            20%        N/A       6%          3
 Dazzling Flash           Conj/Hex       22%        N/A       19%         3


Dungeon Overview and Level Annotations

Branches:
Dungeon (2/15)

Altars:

Annotations:
D:2 Robin, Sigmund


Innate Abilities, Weirdness & Mutations

You have sharp claws.
You have razor-sharp teeth.
You have supernaturally acute eyesight. (SInv)
You cover ground quickly. (Speed+)
You are covered in fur. (AC +1)
Your paws help you pounce on unaware monsters.
You are incapable of wielding weapons or throwing items.
You cannot wear armour.
You gain extra lives every three experience levels.


Message History

The helpless endoplasm fails to defend itself.
You claw the endoplasm!
You kill the endoplasm!
No target in view!
No target in view!
Found a hunting sling.
c - 2 scrolls labelled CUEQERO TEEZ (gained 1) Sigmund the Dreaded comes into view.
He is wielding a +0 scythe.
Sigmund is nearby!
Sigmund is nearby!
An adder comes into view.
Found 20 sling bullets.
Sigmund shouts!
The adder hisses angrily.
Sigmund points at you and mumbles some strange words.
You resist with almost no effort.
Casting: Confusing Touch (extremely dangerous; 6% risk of failure)
Confirm with . or Enter, or press ? or * to list all spells.
The spell is extremely dangerous to cast (6% risk of failure)!
Continue anyway?
Your paws begin to glow red.
The adder misses you.
Unknown command.
You barely miss the adder. The adder bites you.
You are poisoned.
The adder poisons you!
You scratch the adder but do no damage.
The adder appears confused.
You feel sick.
Sigmund mumbles some strange words.
Sigmund flickers and vanishes for a moment.
You feel sick. The adder completely misses you.
Casting: Confusing Touch (extremely dangerous; 6% risk of failure)
Confirm with . or Enter, or press ? or * to list all spells.
The spell is extremely dangerous to cast (6% risk of failure)!
Continue anyway?
Okay, then.
You feel sick.
Sigmund hits you from afar with a +0 scythe.
* * * LOW HITPOINT WARNING * * *
* * * LOW HITPOINT WARNING * * *
You feel sick.
A kobold comes into view. It is wielding a +0 short sword.
You die...

#....# . #..#...######.
.....# ....
##..#.......... .....#
...# #.......######.
....# #...
#......>....... .
#...###.....#........
...##...........#........
.........................
.........................
....)...@................
(......#......†..........
.......#.................
.......####..............
...K.....@.##...########.
..#......S.##...########.
#........##..........#.
####.........#.......#.
#.........#.......#.


You could see a kobold (wandering).

Vanquished Creatures
  2 adders (D:2)
  A dart slug (D:1)
  3 ball pythons
  2 bats
  3 endoplasms
  2 goblins (D:1)
  3 hobgoblins (D:1)
  3 jackals (D:2)
  5 quokkas
  8 kobolds
  6 rats
38 creatures vanquished.

Notes
Turn   | Place    | Note
-------+----------+-------------------------------------------
     0 | D:1      | Malachi the Felid Enchanter began the quest for the Orb.
     0 | D:1      | Reached XP level 1. HP: 7/7 MP: 4/4
   933 | D:1      | Reached XP level 2. HP: 9/11 MP: 4/6
  1722 | D:1      | Reached XP level 3. HP: 4/14 MP: 7/7
  2152 | D:1      | Learned a level 3 spell: Confusing Touch
  2268 | D:2      | Reached skill level 5 in Hexes
  2705 | D:2      | Noticed Robin
  3251 | D:2      | Noticed Sigmund
  3267 | D:2      | Succumbed to an adder's poison

Illustrated notes

Levels and vault maps discovered:
D:1:      ebering_hopf_link, layout_loops_cross
D:2:      layout_basic, uniq_robin, uniq_sigmund

Skill      XL: |  1  2  3 |
---------------+----------+-----
Dodging        | 3 |  3.4
Hexes          | 5 |  5.3
Fighting       | |  0.3
Stealth        | |  4.5
Unarmed Combat | |  1.6
Spellcasting   | |  2.3

Action                   || total
-------------------------++-------
Melee: Unarmed           ||   125
       Bite              ||    10
 Cast: Corona            ||     9
       Confusing Touch   ||     4
  Use: Potion            ||     1
 Stab: Sleeping          ||    15
       Confused          ||     1
Armor: Skin              ||     6
Dodge: Dodged            ||   103
